 Dungeon Crawl Stone Soup version 0.31.0-12-g77e489cdc1 (webtiles) character file.

Game seed: 470921039217072000

117 booth the Chopper (level 4, -2/34 HPs)
             Began as a Demonspawn Gladiator on Feb 21, 2024.
             Slain by a scorpion (7 damage)
             ... on level 3 of the Dungeon.
             The game lasted 00:10:13 (2075 turns).

booth the Chopper (Demonspawn Gladiator)            Turns: 2075, Time: 00:10:14

Health: -2/34      AC:  5    Str: 14    XL:     4   Next: 71%
Magic:  4/4        EV: 11    Int: 10    God:
Gold:   126        SH:  0    Dex: 15    Spells: 3/3 levels left

rFire   . . .        a - +0 war axe
rCold   . . .        (no shield)
rNeg    . . .        f - +0 ring mail
rPois   .            (helmet restricted)
rElec   .            (no cloak)
rCorr   .            (no gloves)
SInv    .            (no boots)
Will    .....        (no amulet)
Stlth   +            (no ring)
HPRegen 0.25/turn    (no ring)
MPRegen 0.09/turn

%: no passive effects
@: lethally poisoned (-2 -> -16)
A: horns 1
a: no special abilities


You were on level 3 of the Dungeon.
You visited 1 branch of the dungeon, and saw 3 of its levels.

You collected 126 gold pieces.

Inventory:

Hand Weapons
 a - a +0 war axe (weapon)
Missiles
 d - a throwing net (quivered)
Armour
 f - a +0 ring mail (worn)
Jewellery
 c - an amulet of faith
Scrolls
 g - a scroll of revelation
 h - a scroll of fear {unknown}
 j - 2 scrolls of teleportation
 l - 4 scrolls of silence {unknown}
 q - a scroll of blinking {unknown}
Potions
 b - a potion of berserk rage
 k - a potion of magic
 m - a potion of lignification {unknown}
 n - a potion of ambrosia {unknown}
 o - a potion of invisibility {unknown}


   Skills:
 + Level 2.9 Fighting
 * Level 4.0 Axes
 + Level 2.7 Throwing
 - Level 2.7 Dodging


You had 3 spell levels left.
You didn't know any spells.
Your spell library contained the following spells:

 Spells                   Type           Power      Damage    Failure   Level
 Apportation              Tloc           0%         N/A       61%         1
 Jinxbite                 Hex            0%         N/A       75%         2
 Lesser Beckoning         Tloc           0%         N/A       75%         2
 Gell's Gravitas          Tloc           0%         N/A       93%         3
 Teleport Other           Tloc           0%         N/A       93%         3
 Alistair's Intoxication  Alch           0%         N/A       100%        5


Dungeon Overview and Level Annotations

Branches:
Dungeon (3/15)

Altars:
Makhleb

Shops:
D:2 ?


Innate Abilities, Weirdness & Mutations

You have a pair of small horns on your head.


Message History

Okay, then.
Throw: 2 throwing nets
Press: ? - help, Q - select action Shift-Dir - straight line, f/p - scorpion
Aim: a scorpion (lightly wounded, 57% to hit)
You throw a throwing net. The throwing net hits the scorpion.
The scorpion is caught in the net!
The scorpion is lightly wounded.
The scorpion struggles against the net. x2
You hit the scorpion.
The scorpion is moderately wounded.
The scorpion struggles against the net.
You hit the scorpion.
You headbutt the scorpion, but do no damage.
The scorpion is heavily wounded.
The scorpion struggles against the net. x2
The net rips apart, and the scorpion comes free!
You hit the scorpion. Your headbutt misses the scorpion.
The scorpion is severely wounded.
The scorpion completely misses you.
You barely miss the scorpion.
You headbutt the scorpion, but do no damage.
The scorpion is severely wounded.
The scorpion closely misses you. The scorpion stings you.
You hit the scorpion but do no damage.
The scorpion is severely wounded.
The scorpion barely misses you.
You completely miss the scorpion. Your headbutt misses the scorpion.
The scorpion is severely wounded.
The scorpion stings you.
You are poisoned.
The scorpion poisons you! The scorpion stings you.
You are more poisoned.
The scorpion poisons you!
You hit the scorpion but do no damage.
The scorpion is severely wounded.
* * * LOW HITPOINT WARNING * * *
You feel very sick.
The scorpion stings you but does no damage.
The scorpion stings you!
You die...

######.......<## #.
#.####...## . ####s
##รท## ##### .. ....
#...# ... ... #...# #
..#.#.. #...# #####
....... #####...####....
.......###........_...#.#
.....(.s@..............#.
....?..###......(.....#..
##..#.# #####...####.#..
## #. #...# #.(.. . #...#
###.# .# ###...### #.# #.
######.<.....####.# #
#.......#.......#..
#.####..#.##.##.###


You could see a scorpion.

Vanquished Creatures
  Robin (D:2)
  4 adders
  2 ufetubi (D:3)
  3 bats
  5 endoplasms
  2 giant cockroaches (D:2)
  11 goblins
  4 hobgoblins
  12 jackals
  2 kobolds
  A quokka (D:1)
  3 frilled lizards
  5 rats
55 creatures vanquished.

Notes
Turn   | Place    | Note
-------+----------+-------------------------------------------
     0 | D:1      | booth the Demonspawn Gladiator began the quest for the Orb.
     0 | D:1      | Reached XP level 1. HP: 16/16 MP: 1/1
   184 | D:1      | Gained mutation: You have a pair of small horns on your
                  | head. [demonic ancestry]
   184 | D:1      | Reached XP level 2. HP: 15/22 MP: 2/2
   269 | D:1      | Reached skill level 3 in Axes
  1102 | D:2      | Reached XP level 3. HP: 28/28 MP: 3/3
  1481 | D:2      | Noticed Robin
  1488 | D:2      | Found Simaamp's Magic Scroll Shop.
  1500 | D:2      | Killed Robin
  1501 | D:2      | Reached XP level 4. HP: 19/34 MP: 4/4
  1648 | D:3      | Found a burning altar of Makhleb.
  1782 | D:3      | Found a faded altar of an unknown god.
  1816 | D:3      | Reached skill level 4 in Axes
  2047 | D:3      | Noticed a scorpion
  2075 | D:3      | Slain by a scorpion

Illustrated notes

Levels and vault maps discovered:
D:1:      erik_arrival_triangle_huge, layout_loops_corners
D:2:      layout_rooms, serial_shops, shop, uniq_robin
D:3:      layout_loops_cross, mainiacjoe_overflow_cross_hatched,
          basic_ecumenical_altar

Skill      XL: |  1  2  3  4 |
---------------+-------------+-----
Throwing       | 2 |  2.7
Axes           | 3 4 |  4.0
Fighting       | |  2.9
Dodging        | |  2.7

Action                     |  1- 3 |  4- 6 || total
---------------------------+-------+-------++-------
  Melee: War axe           |    97 |    41 ||   138
         Headbutt          |    14 |    10 ||    24
  Throw: Throwing net      |       |     2 ||     2
         Javelin           |       |     1 ||     1
    Use: Scroll            |     3 |     2 ||     5
         Potion            |       |     1 ||     1
 Armour: Ring mail         |    52 |    40 ||    92
         Leather armour    |     6 |       ||     6
  Dodge: Dodged            |    81 |    32 ||   113
